 Dungeon Crawl Stone Soup version 0.19-a0-1493-gd0fcaa6 (webtiles) character file.

57530 Amnesiac the Sharpshooter (level 15, -8/104 HPs)
             Began as a Kobold Hunter on Sept 9, 2016.
             Was the Champion of Okawaru.
             Mangled by a death yak (14 damage)
             ... on level 6 of the Lair of Beasts.
             The game lasted 00:41:40 (21107 turns).

Amnesiac the Sharpshooter (Kobold Hunter)          Turns: 21107, Time: 00:41:41

Health: -8/104     AC: 13    Str: 11    XL:     15   Next: 26%
Magic:  13/15      EV: 42    Int: 12    God:    Okawaru [******]
Gold:   1070       SH:  0    Dex: 26    Spells: 0 memorised, 14 levels left

rFire  + . .     SeeInvis .     A - +0 lajatang
rCold  . . .     Gourm    .     V - +3 ring mail {rF+}
rNeg   . . .     Faith    .     (shield currently unavailable)
rPois  +         Spirit   .     (no helmet)
rElec  .         Dismiss  .     (no cloak)
rCorr  .         Reflect  .     I - +2 pair of gloves
MR     +....     Harm     +     X - +0 pair of boots {run}
Stlth  +++++.....               L - amulet of harm
                                Y - ring of poison resistance
                                j - +5 ring of evasion

@: agile, heroism, drained, quick
A: carnivore 3
a: Heroism, Finesse, Renounce Religion


You were on level 6 of the Lair of Beasts.
You worshipped Okawaru.
Okawaru was exalted by your worship.
You were completely stuffed.

You visited 3 branches of the dungeon, and saw 16 of its levels.
You also visited: Ice Cave and Volcano.

You collected 1187 gold pieces.
You spent 117 gold pieces at shops.

Inventory:

Hand Weapons
 i - the +6 flail of Equivalence {venom, rC+ MR+}
   (You found it on level 9 of the Dungeon)

   It poisons the flesh of those it strikes.
   It protects you from cold.
   It affects your resistance to hostile enchantments.
 A - a +0 lajatang (weapon)
 D - a +4 arbalest of flaming
 T - a +1 arbalest of freezing
Missiles
 C - 2 bolts
Armour
 I - a +2 pair of gloves (worn)
 V - a +3 ring mail of fire resistance (worn)
 X - a +0 pair of boots of running (worn)
Jewellery
 c - an uncursed ring of fire
 j - a +5 ring of evasion (left hand)
 u - a +2 ring of evasion
 L - an amulet of harm (around neck)
 U - an uncursed ring of protection from cold
 Y - a ring of poison resistance (right hand)
Wands
 g - a wand of lightning (7/15)
 s - a wand of hasting (7/9)
 v - a wand of acid (10/15)
 F - a wand of confusion (18/48)
 G - a wand of disintegration (14/24)
 H - a wand of iceblast (6/15)
 J - a wand of digging (3/24)
 N - a wand of polymorph (13/24)
 O - a wand of random effects (29/48)
Scrolls
 b - 4 scrolls of remove curse
 d - 2 scrolls of magic mapping
 q - 2 scrolls of fog
 x - 4 scrolls of enchant armour
 y - 4 scrolls of amnesia
 E - 3 scrolls of recharging
 R - 5 scrolls of identify
Potions
 a - 3 potions of invisibility
 e - 6 potions of brilliance
 h - 5 potions of might
 l - a potion of agility
 m - a potion of mutation
 n - a potion of cancellation
 o - 2 potions of flight
 t - 3 potions of curing
 w - 2 potions of resistance
 B - a potion of magic
 Q - a potion of haste
 Z - 3 potions of berserk rage
Books
 k - a book of Fire

   Spells                             Type                      Level
   a - Ignite Poison                  Fire/Transmutation/Poison    3
   b - Fireball                       Conjuration/Fire             5
   c - Bolt of Fire                   Conjuration/Fire             6
   d - Delayed Fireball               Conjuration/Fire             7
   e - Ring of Flames                 Charms/Fire                  7
 K - the Collected Works on the Shifting Voyage
   (You found it in an ice cave)

   Spells                             Type                      Level
   a - Beastly Appendage              Transmutation                1
   b - Gell's Gravitas                Hexes/Translocation          3
   c - Petrify                        Transmutation/Earth          4
   d - Summon Forest                  Summoning/Translocation      5
   e - Dragon Form                    Transmutation                7
 S - a book of Callings

   Spells                             Type                      Level
   a - Summon Small Mammal            Summoning                    1
   b - Call Imp                       Summoning                    2
   c - Call Canine Familiar           Summoning                    3
   d - Summon Guardian Golem          Hexes/Summoning              3
   e - Summon Lightning Spire         Summoning/Air                4
   f - Summon Ice Beast               Ice/Summoning                4
 W - a book of Spatial Translocations

   Spells                             Type                      Level
   a - Apportation                    Translocation                1
   b - Blink                          Translocation                2
   c - Shroud of Golubria             Charms/Translocation         2
   d - Portal Projectile              Translocation                3
   e - Teleport Other                 Translocation                3
   f - Passage of Golubria            Translocation                4
Comestibles
 f - 9 meat rations
 r - 5 slices of pizza
 z - 10 beef jerkies
 P - a royal jelly


   Skills:
 - Level 16.0(20.8) Fighting
 + Level 3.4(8.2) Staves
 - Level 18.0(22.8) Crossbows
 - Level 15.0(19.8) Dodging
 - Level 1.3(6.2) Stealth


You had 14 spell levels left.
You didn't know any spells.

Dungeon Overview and Level Annotations

Branches:
Dungeon (9/15)             Temple (1/1) D:5            Lair (6/6) D:9
 Shoals (0/4) Lair:2       Spider (0/4) Lair:2        Slime (0/5) Lair:5
    Orc: D:9-12

Altars:
Cheibriados
Dithmenos
Elyvilon
Fedhas
Gozag
Kikubaaqudgha
Makhleb
Nemelex Xobeh
Okawaru
Qazlal
Ru
Sif Muna
Trog
Uskayaw
Vehumet
Xom
Zin
The Shining One
Lugonu

Shops:
D:9 *


Innate Abilities, Weirdness & Mutations

You are small and have problems with some larger weapons.
You are carnivorous and can eat meat at any time.


Message History

The yak closely misses you. The death yak completely misses you.
Unknown command.
You fail to use your ability.
The yak completely misses you. The death yak closely misses you.
You gain the combat prowess of a mighty hero.
The yak gores you. The death yak completely misses you.
You slash the yak!
The yak is heavily wounded.
The yak completely misses you. The death yak gores you!!
* * * LOW HITPOINT WARNING * * *
You feel agile all of a sudden. The yak completely misses you.
The death yak gores you but does no damage.
Unknown command.
You slash the yak!
The yak is almost dead.
The yak gores you.
* * * LOW HITPOINT WARNING * * *
The death yak gores you!
You die...

....##.....P.......##
...P...#.8..........#
................8..##
...÷P......8........#
..÷.#.........8....#
....###...8......###
....#####......### ...÷.#
##....YY## .....#
##...###Y@#
....####...####### ....#
#..Y###.### ....#
#.Y##Y....##
....###....Y.#..P### .#
...###.....Y##....Y###..#
...# ##....####........#
...# ##.### #.###Y.Y##
...# ### #..# ##...#


You could see a death yak and 2 yaks.

Vanquished Creatures
  A white draconian (IceCv)
  4 hydras
  A catoblepas (Lair:6)
  9 death yaks
  A lindwurm (Volcano)
  2 wolf spiders (Lair:2)
  2 griffons
  3 oklob plants
  5 black mambas
  An ice statue (IceCv)
  A gargoyle (Volcano)
  2 torpor snails
  3 molten gargoyles (Volcano)
  13 spiny frogs
  4 rime drakes
  8 komodo dragons
  18 polar bears
  2 jumping spiders (Lair:2)
  25 blink frogs
  3 dream sheep (Lair:6)
  A boulder beetle (Lair:5)
  Sigmund (D:6)
  A redback (Lair:2)
  A spriggan (Lair:6)
  62 yaks
  3 fire elementals (Volcano)
  12 hippogriffs
  2 basilisks (Lair:2)
  2 wyverns
  Eustachio (D:6)
  A steam dragon (Lair:3)
  A mottled dragon (D:6)
  14 water moccasins
  9 ice beasts
  11 porcupines
  A phantom (D:7)
  2 eyes of draining
  3 orc warriors
  4 sky beasts
  5 ogres
  2 centaurs
  23 wolves
  17 crocodiles
  2 big kobolds
  16 giant frogs
  3 scorpions
  18 killer bees
  10 wights
  2 crimson imps
  2 lava snakes (D:8)
  The ghost of Charly the Magician, a weakling DEFE (D:3)
  A giant frog zombie (D:5)
  5 hounds
  5 orc priests
  2 giant frog skeletons
  A jelly (D:5)
  9 orc wizards
  5 iguanas
  Jessica (D:3)
  10 hell rats
  2 worker ants
  2 hound skeletons
  2 howler monkey zombies
  A worker ant zombie (D:5)
  3 gnolls (D:7)
  16 adders
  52 river rats
  A shadow imp (D:6)
  An ooze (D:1)
  3 worms
  3 dart slugs
  6 giant geckos
  32 orcs
  3 bats (D:1)
  A giant cockroach (D:4)
  14 goblins
  6 hobgoblins
  9 jackals
  7 quokkas
  2 giant gecko skeletons
  8 giant newts
  A jackal zombie (D:8)
  17 kobolds
  A quokka skeleton (D:8)
  4 rats
  4 fire vortices (Volcano)
  A fungus (D:9)
  A plant (Lair:2)
583 creatures vanquished.

Vanquished Creatures (others)
  A quokka (D:7)
  2 bushes (Lair:6)
  A fire vortex (Volcano)
  13 fungi
  23 plants
40 creatures vanquished.

Grand Total: 623 creatures vanquished

Notes
Turn   | Place    | Note
-------+----------+-------------------------------------------
     0 | D:1      | Amnesiac the Kobold Hunter began the quest for the Orb.
     0 | D:1      | Reached XP level 1. HP: 12/12 MP: 1/1
    47 | D:1      | Reached skill level 5 in Crossbows
   129 | D:2      | Reached XP level 2. HP: 18/18 MP: 2/2
   297 | D:2      | Found a deep blue altar of Sif Muna.
   422 | D:2      | Reached XP level 3. HP: 22/22 MP: 3/3
   722 | D:3      | Noticed Jessica
   723 | D:3      | Killed Jessica
   723 | D:3      | Reached skill level 6 in Crossbows
   723 | D:3      | Reached XP level 4. HP: 28/28 MP: 4/4
   786 | D:3      | Noticed Charly's ghost (weakling DEFE)
   983 | D:4      | Noticed an ogre
   987 | D:4      | Killed an ogre
   987 | D:4      | Reached skill level 7 in Crossbows
   987 | D:4      | Reached XP level 5. HP: 33/33 MP: 5/5
  1144 | D:4      | Reached XP level 6. HP: 21/38 MP: 6/6
  1491 | D:4      | Noticed an ogre
  1676 | D:5      | Entered Level 5 of the Dungeon
  1714 | D:5      | Noticed an ice beast
  1718 | D:5      | Noticed a sky beast
  1745 | D:5      | Killed an ice beast
  1745 | D:5      | Reached skill level 8 in Crossbows
  1940 | D:5      | Reached XP level 7. HP: 21/44 MP: 7/7
  2142 | D:5      | Reached skill level 5 in Fighting
  2376 | D:5      | Reached skill level 9 in Crossbows
  2707 | D:5      | Found an opulent altar of Gozag.
  2833 | D:5      | Found a staircase to the Ecumenical Temple.
  2857 | Temple   | Entered the Ecumenical Temple
  2872 | Temple   | Became a worshipper of Warmaster Okawaru
  2984 | D:4      | Reached XP level 8. HP: 50/50 MP: 8/8
  4480 | D:3      | Killed Charly's ghost
  5105 | D:5      | Reached skill level 10 in Crossbows
  5504 | D:6      | Reached * piety under Okawaru
  5524 | D:6      | Reached skill level 11 in Crossbows
  5532 | D:6      | Reached XP level 9. HP: 46/56 MP: 9/9
  5612 | D:6      | Found a bloodstained altar of Trog.
  5887 | D:6      | Found a sacrificial altar of Ru.
  5921 | D:6      | Reached skill level 12 in Crossbows
  5994 | D:6      | Reached ** piety under Okawaru
  6247 | D:6      | Noticed Eustachio
  6263 | D:6      | Killed Eustachio
  6299 | D:6      | Found a shadowy altar of Dithmenos.
  6363 | D:6      | Noticed Sigmund
  6367 | D:6      | Killed Sigmund
  6657 | D:7      | Reached skill level 13 in Crossbows
  6762 | D:7      | Reached XP level 10. HP: 64/64 MP: 10/10
  6771 | D:7      | Reached *** piety under Okawaru
  7609 | D:7      | Reached skill level 14 in Crossbows
  8563 | D:8      | Received a gift from Okawaru
  8934 | D:8      | Found a burning altar of Makhleb.
  8949 | D:8      | Reached **** piety under Okawaru
  9033 | D:8      | Received a gift from Okawaru
  9637 | D:9      | Found a staircase to the Lair.
  9746 | D:9      | Reached skill level 15 in Crossbows
  9747 | D:9      | Found Hekareza's General Store.
  9766 | D:9      | Bought a potion of heal wounds for 65 gold pieces
  9766 | D:9      | Bought a potion of might for 52 gold pieces
  9827 | D:9      | Reached XP level 11. HP: 59/72 MP: 3/11
  9829 | D:9      | Reached skill level 10 in Fighting
  9987 | D:9      | Found a snail-covered altar of Cheibriados.
  9988 | D:9      | Found a white marble altar of Elyvilon.
 10340 | D:9      | Found a sparkling altar of Nemelex Xobeh.
 10376 | D:9      | Found a blossoming altar of Fedhas.
 10378 | D:9      | Found a stormy altar of Qazlal.
 10507 | D:9      | Got an ancient flail
 10532 | D:9      | Identified the +6 flail of Equivalence {venom, rC+ MR+} (You found it on level 9 of the Dungeon)
 10638 | Lair:1   | Entered Level 1 of the Lair of Beasts
 10669 | Lair:1   | Reached ***** piety under Okawaru
 10669 | Lair:1   | Received a gift from Okawaru
 10715 | Lair:1   | Reached skill level 16 in Crossbows
 10732 | Lair:1   | Received a gift from Okawaru
 11040 | Lair:1   | Received a gift from Okawaru
 11136 | Lair:1   | Received a gift from Okawaru
 11614 | Lair:1   | Reached skill level 17 in Crossbows
 11681 | Lair:1   | Reached XP level 12. HP: 80/80 MP: 12/12
 12433 | Lair:2   | Received a gift from Okawaru
 12521 | Lair:2   | Reached skill level 5 in Dodging
 12651 | Lair:2   | Reached skill level 18 in Crossbows
 12749 | Lair:2   | Found a frozen archway.
 12838 | IceCv    | Entered an ice cave
 13006 | IceCv    | Reached XP level 13. HP: 85/86 MP: 13/13
 13076 | IceCv    | Reached skill level 10 in Dodging
 13343 | IceCv    | Received a gift from Okawaru
 13615 | IceCv    | Reached ****** piety under Okawaru
 13621 | IceCv    | Received a gift from Okawaru
 13763 | IceCv    | Noticed a white draconian
 13776 | IceCv    | Killed a white draconian
 13776 | IceCv    | Received a gift from Okawaru
 13777 | IceCv    | Got a pair of ichor-stained gloves {god gift}
 13790 | IceCv    | Identified the +0 pair of gloves of the Boiling Point {rF- Str+9} (Okawaru gifted it to you in an ice cave)
 13836 | IceCv    | Identified the Collected Works on the Shifting Voyage
 13846 | IceCv    | Got an ichor-stained long sword
 14019 | Lair:2   | Identified a +0 pair of boots of running (Okawaru gifted it to you on level 2 of the Lair of Beasts)
 14094 | Lair:2   | Found a staircase to the Shoals.
 14486 | Lair:2   | Found a hole to the Spider Nest.
 14797 | Lair:3   | Noticed a seven-headed hydra
 14802 | Lair:3   | Killed a seven-headed hydra
 15150 | Lair:3   | Noticed a five-headed hydra
 15158 | Lair:3   | Killed a five-headed hydra
 15158 | Lair:3   | Reached XP level 14. HP: 92/92 MP: 14/14
 15720 | Lair:4   | Reached skill level 15 in Dodging
 15815 | Lair:4   | Received a gift from Okawaru
 16093 | Lair:4   | Found a dark tunnel.
 16112 | Volcano  | Entered a volcano
 16123 | Volcano  | Received a gift from Okawaru
 16129 | Volcano  | Identified the cursed +1 long sword of Extinguishment {slice, SInv} (You found it in an ice cave)
 17564 | Lair:5   | Found a staircase to the Slime Pits.
 18559 | Lair:5   | Identified a scroll of acquirement
 18730 | Lair:6   | Entered Level 6 of the Lair of Beasts
 18762 | Lair:6   | Reached skill level 15 in Fighting
 19407 | Lair:6   | Received a gift from Okawaru
 19407 | Lair:6   | Reached XP level 15. HP: 46/103 MP: 15/15
 20278 | Lair:6   | Reached skill level 1 in Staves
 21107 | Lair:6   | Mangled by a death yak

Vault maps used:
D:1:      minmay_arrival_four_houses
D:2:      kennysheep_the_goblin_king, lemuel_blue_sif_altar
D:3:      uniq_jessica
D:5:      nicolae_gozag_cash_rules_everything_around_me, first_bread
D:6:      grunt_dithmenos_smoke, nicolae_ru_the_path_less_chosen, bloody_trog,
          uniq_eustachio, uniq_sigmund
D:7:      grunt_ogre_cave, lemuel_another_geyser
D:8:      old_standard_altar, kennysheep_small_spiral
D:9:      grunt_temple_overflow_forces_of_nature,
          nicolae_overflow_hidden_temple, dpeg_oklobed_lair, serial_shops,
          nicolae_shop_crystal, nemelex_xobeh_ov_fountains_minmay
Temple:   corrupted_temple
Lair:1:   infiniplex_staircase_pool, lemuel_fruit_tree, serial_bayou_shore_b,
          grunt_megastairs_3
Lair:2:   minmay_lair_venomous_thicket, shoals_dummy_entry,
          spider_nest_entry_funnel_web, portal_ice_cave_entry_ice_beasts
Lair:4:   enter_volcano_2, grunt_forest_large_clearings, serial_bayou_shore_a
Lair:5:   minmay_slime_entry_oklob_enclosed, st_stairs_4,
          roderic_lost_polar_bear, lemuel_fruit_fields
Lair:6:   evilmike_catoblepas_cave, grunt_forest_large_clearing_hut
IceCv:    ice_cave_caverns_01
Volcano:  volcano_aerie

Skill      XL: |  1  2  3  4  5  6  7  8  9 10 11 12 13 14 15 |
---------------+----------------------------------------------+-----
Crossbows      | 5 6 7 8 9 11 13 15 17 18 | 18.0
Fighting       | 3 4 5 6 8 9 11 12 15 16 | 16.0
Dodging        | 9 14 15 | 15.0
Staves         | 3 |  3.4
Stealth        | |  1.3

Action                   |  1- 3 |  4- 6 |  7- 9 | 10-12 | 13-15 || total
-------------------------+-------+-------+-------+-------+-------++-------
Melee: Mace              |       |    33 |   191 |   269 |       ||   493
       Hand axe          |       |       |     1 |       |       ||     1
       Flail             |       |       |       |    14 |   309 ||   323
       Arbalest          |       |       |       |       |     1 ||     1
       Lajatang          |       |       |       |       |   172 ||   172
 Fire: Hand crossbow     |    46 |    44 |   160 |   360 |       ||   610
       Arbalest          |       |       |       |   221 |   484 ||   705
Invok: Heroism           |       |       |       |     4 |     5 ||     9
Evoke: Wand              |       |       |       |       |     3 ||     3
  Use: Scroll            |       |       |     6 |    24 |     6 ||    36
       Potion            |       |       |       |     8 |     6 ||    14
 Stab: Sleeping          |       |     1 |     2 |       |       ||     3
       Distracted        |       |       |     1 |       |       ||     1
  Eat: Chunk             |     8 |     3 |    16 |    19 |    26 ||    72
Armor: Leather armour    |       |     7 |       |       |       ||     7
       Ring mail         |       |       |    36 |    37 |    90 ||   163
       Robe              |       |       |       |    52 |     8 ||    60
Dodge: Dodged            |     5 |    43 |   204 |   731 |  1063 ||  2046
